 Dungeon Crawl Stone Soup version 0.29-a0-577-gafbf2c5d25 (webtiles) character file.

Game seed: 11693737645740550551

571 valliere the Grave Robber (level 7, 0/51 HPs)
             Began as a Mummy Necromancer on June 13, 2022.
             Slain by a necrophage (7 damage)
             ... on level 5 of the Dungeon.
             The game lasted 00:10:29 (5098 turns).

valliere the Grave Robber (Mummy Necromancer)       Turns: 5098, Time: 00:10:30

Health: 0/51       AC:  5    Str: 12    XL:     7   Next: 11%
Magic:  4/15       EV: 12    Int: 16    God:
Gold:   312        SH:  0    Dex: 12    Spells: 12/17 levels left

rFire   x . .      SeeInvis .   h - +6 whip of the Destroying Ass {freeze, Fly}
rCold   + . .      Faith    .   (no shield)
rNeg    + + +      Spirit   .   a - +0 robe
rPois   ∞          Reflect  .   n - +2 hat
rElec   .          Harm     .   (no cloak)
rCorr   .          Rampage  .   (no gloves)
Will    .....                   l - +0 pair of boots of Hilat {Fly}
Stlth   ++........              (no amulet)
HPRegen 0.17/turn               (no ring)
MPRegen 0.14/turn               (no ring)

@: about to teleport, flying
A: cold resistance 1, negative energy resistance 3, torment resistance 2, heat
vulnerability 1, in touch with death 1, no potions
a: no special abilities


You were on level 5 of the Dungeon.
You visited 1 branch of the dungeon, and saw 5 of its levels.

You collected 312 gold pieces.

Inventory:

Hand Weapons
 b - a +0 short sword
 d - a +0 spear
 g - a +1 hand axe of flaming
 h - the +6 whip of the Destroying Ass (weapon) {freeze, Fly}
   (You found it on level 2 of the Dungeon)

   It freezes those it strikes, dealing additional cold damage.
   It can also slow down cold-blooded creatures.
   Fly:       It grants you flight.
Armour
 a - a +0 robe (worn)
 l - the +0 pair of boots of Hilat (worn) {Fly}
   (You found it on level 4 of the Dungeon)

   Fly:       It grants you flight.
 n - a +2 hat (worn)
Jewellery
 i - a ring of protection from cold
Wands
 m - a wand of flame (27)
Scrolls
 c - a scroll of teleportation
 e - a scroll of amnesia
 f - 5 scrolls of identify {unknown}
 j - a scroll of noise {unknown}
 k - a scroll of fear {unknown}
 o - a scroll of immolation {unknown}
 p - a scroll of acquirement {unknown}


   Skills:
 + Level 2.3 Fighting
 - Level 1.5 Dodging
 - Level 1.5 Stealth
 + Level 5.5 Spellcasting
 * Level 7.1 Necromancy


You had 12 spell levels left.
You knew the following spells:

 Your Spells              Type           Power      Damage    Failure   Level
a - Necrotize             Necr           100%       1d9       1%          1
b - Animate Dead          Necr           40%        N/A       8%          4

Your spell library contained the following spells:

 Spells                   Type           Power      Damage    Failure   Level
 Vampiric Draining        Necr           40%        2d8       2%          3
 Agony                    Necr           40%        N/A       22%         5


Dungeon Overview and Level Annotations

Branches:
Dungeon (5/15)
 Temple: D:4-7

Altars:
Uskayaw

Shops:
D:3 !

Annotations:
D:3 1 runed translucent door, Crazy Yiuf


Innate Abilities, Weirdness & Mutations

You are immune to poison.
Your flesh is cold resistant. (rC+)
You are immune to negative energy. (rN+++)
You are immune to unholy pain and torment.
You are vulnerable to heat. (rF-)
You are in touch with the powers of death.
You do not drink.


Message History

Your gnoll skeleton closely misses the gnoll shaman.
The gnoll shaman hits your gnoll skeleton with a +0 club.
You feel a surge of power!
The gnoll shaman writhes in agony.
Your gnoll skeleton barely misses the necrophage.
The gnoll shaman hits your gnoll skeleton with a +0 club!
Your gnoll skeleton is destroyed!
The gnoll sergeant hits you from afar with a +0 spear!
You are too injured to fight recklessly!
Casting: Necrotize (safe; 1% risk of failure)
Confirm with . or Enter, or press ? or * to list all spells.
Aiming: Necrotize (safe; 1% risk of failure)
Press: ? - help, Shift-Dir - straight line, f/p - gnoll shaman
Aim: a gnoll shaman, wielding a +0 club and wearing a +0 robe (moderately wounded, chance to affect: 83%)
You feel a surge of power!
The gnoll shaman barely resists.
The gnoll closely misses you.
Your gnoll skeleton hits the gnoll.
The gnoll sergeant misses you. The necrophage hits you.
The gnoll shaman misses you.
The gnoll shaman attacks as you move away!
The gnoll shaman hits you with a +0 club!
* * * LOW HITPOINT WARNING * * *
The gnoll barely misses you.
The gnoll shaman attacks as you move away!
The gnoll shaman closely misses you.
The gnoll shaman attacks as you move away!
The gnoll shaman hits you with a +0 club.
* * * LOW HITPOINT WARNING * * *
As you read the scroll labelled NICUSO OKAARGH, it crumbles to dust.
It is a scroll of amnesia.
Really abort (and waste the scroll)? [Y]es or [N]o only, please.
Really abort (and waste the scroll)?
Okay, then.
Your gnoll skeleton closely misses the gnoll shaman.
The necrophage hits you but does no damage.
As you read the scroll labelled COFIRE NONGE, it crumbles to dust.
You feel strangely unstable.
It was a scroll of teleportation.
The gnoll closely misses you.
Your gnoll skeleton hits the gnoll shaman.
The necrophage hits you!
You die...

#.### ###..# ...
.........+....#
###
#........###.##
........# #.#
#......# #.# #
#......###.##.#
+......+......#
#.#..)Z.g###.##.#
.....))ggn@.....#
..P..#######.####
... #.# . ...
####


You could see a necrophage (ally target), a gnoll sergeant, a gnoll shaman, a
gnoll (fast) and a friendly gnoll skeleton.

Vanquished Creatures
  A black bear (D:4)
  An ogre (D:4)
  A necrophage (D:4)
  A scorpion (D:2)
  An orc priest (D:3)
  2 gnolls (D:5)
  9 adders
  A worm (D:2)
  3 dart slugs
  10 orcs
  10 ball pythons
  7 endoplasms
  3 giant cockroaches
  3 goblins
  10 hobgoblins
  3 jackals (D:1)
  6 kobolds
  6 quokkas
  4 bats
  6 frilled lizards
  8 rats
96 creatures vanquished.

Vanquished Creatures (collateral kills)
  2 gnolls (D:5)
  An adder (D:4)
  A worm (D:4)
  An orc (D:4)
  An endoplasm (D:2)
  A goblin (D:2)
7 creatures vanquished.

Vanquished Creatures (others)
  9 plants
9 creatures vanquished.

Grand Total: 112 creatures vanquished

Notes
Turn   | Place    | Note
-------+----------+-------------------------------------------
     0 | D:1      | valliere the Mummy Necromancer began the quest for the Orb.
     0 | D:1      | Reached XP level 1. HP: 13/13 MP: 4/4
   234 | D:1      | Reached XP level 2. HP: 16/19 MP: 1/6
  1048 | D:1      | Gained mutation: You are in touch with the powers of death.
                  | [Mummy growth]
  1048 | D:1      | Reached XP level 3. HP: 24/24 MP: 3/7
  1569 | D:2      | Reached skill level 5 in Necromancy
  1596 | D:2      | Reached XP level 4. HP: 27/30 MP: 0/9
  1982 | D:2      | Noticed a scorpion
  1987 | D:2      | Killed a scorpion
  1988 | D:2      | Reached XP level 5. HP: 35/35 MP: 7/11
  2077 | D:2      | Identified the +6 whip of the Destroying Ass {freeze, Fly}
  2794 | D:3      | Reached skill level 6 in Necromancy
  3080 | D:3      | Learned a level 4 spell: Animate Dead
  3099 | D:3      | Found a hide-covered altar of Uskayaw.
  3596 | D:3      | Found a runed translucent door.
  3597 | D:3      | Noticed Crazy Yiuf
  3662 | D:3      | Found Cunoguec's Distillery.
  3824 | D:4      | Reached skill level 1 in Fighting
  3884 | D:4      | Identified the +0 pair of boots of Hilat {Fly}
  3984 | D:4      | Reached XP level 6. HP: 43/43 MP: 10/13
  4124 | D:4      | Reached skill level 5 in Spellcasting
  4375 | D:4      | Reached skill level 7 in Necromancy
  4375 | D:4      | Reached XP level 7. HP: 46/50 MP: 13/15
  5000 | D:5      | Entered Level 5 of the Dungeon
  5098 | D:5      | Slain by a necrophage

Illustrated notes

Levels and vault maps discovered:
D:1:      minmay_arrival_semitransparent, layout_basic, chequers_big_river
D:2:      layout_loops_cross, minmay_surrounded
D:3:      layout_basic, nicolae_uskayaw_dance_hall, serial_shops, shop,
          serial_glass, glass_columns_c, glass_columns_c, minmay_unequal,
          uniq_crazy_yiuf_cottage
D:4:      layout_gridville
D:5:      layout_basic, temple_doors_e, cheibrodos_sewer_entry_bend,
          nicolae_grassy_gnolls

Skill      XL: |  1  2  3  4  5  6 |
---------------+-------------------+-----
Spellcasting   | 3 4 5 |  5.5
Necromancy     | 5 6 7 |  7.1
Fighting       | 1 2 |  2.3
Dodging        | |  1.5
Stealth        | |  1.5

Action                   |  1- 3 |  4- 6 |  7- 9 || total
-------------------------+-------+-------+-------++-------
Melee: Short sword       |    18 |       |       ||    18
       Spear             |     9 |     7 |       ||    16
       Hand axe          |       |     1 |       ||     1
       Whip              |       |    11 |       ||    11
 Cast: Necrotize         |    57 |   110 |    22 ||   189
  Use: Scroll            |       |       |     2 ||     2
 Stab: Distracted        |     1 |       |       ||     1
Armor: Robe              |     5 |     8 |     2 ||    15
Dodge: Dodged            |    31 |    19 |    13 ||    63

Table legend: (Time is in decaauts)
 A = Elapsed time spent in this place.
 B = Non-inter-level travel time spent in this place.
 C = Inter-level travel time spent in this place.
 D = Time resting spent in this place.
 E = Time spent auto-exploring this place.
 F = Levels seen in this place.
 G = Mean time per level.
                   A        B        C        D        E       F      G
               +--------+--------+--------+--------+--------+-----+--------+
         Total |   5108 |   4958 |    150 |      0 |   4400 |   5 | 1021.6 |
       Dungeon |   5108 |   4958 |    150 |      0 |   4400 |   5 | 1021.6 |
               +--------+--------+--------+--------+--------+-----+--------+

Top non-repeatable levels by time:
     D:1: 1484 daAuts
     D:4: 1265 daAuts
     D:3: 1196 daAuts
     D:2: 1064 daAuts
     D:5: 97 daAuts
